 Dungeon Crawl Stone Soup version 0.18-a0-1292-ge8ad84c (webtiles) character file.

77 abixa the Charlatan (level 4, -4/32 HPs)
             Began as a Human Artificer on Feb 9, 2016.
             Slain by an orc
             ... wielding a +0 morningstar
              (8 damage)
             ... on level 2 of the Dungeon.
             The game lasted 00:03:55 (1975 turns).

abixa the Charlatan (Human Artificer)               Turns: 1975, Time: 00:03:56

Health: -4/32      AC:  5    Str: 11    XL:     4   Next: 58%
Magic:  7/7        EV: 10    Int: 14    God:
Gold:   63         SH:  3    Dex: 13    Spells: 0 memorised, 3 levels left

rFire  + . .     SeeInvis .     a - +0 short sword
rCold  . . .     Gourm    .     y - +0 ring mail
rNeg   . . .     Faith    .     t - +0 buckler
rPois  .         Spirit   .     (no helmet)
rElec  .         Dismiss  .     (no cloak)
rCorr  .         Reflect  .     (no gloves)
SustAt .         Harm     .     (no boots)
MR     .....                    (no amulet)
Stlth  +.........               s - ring of protection from fire
                                p - ring of flight

@: not resistant to hostile enchantments, very unstealthy
A: no striking features
a: Evoke Flight


You were on level 2 of the Dungeon.
You were hungry.

You visited 1 branch of the dungeon, and saw 3 of its levels.

You collected 63 gold pieces.

Inventory:

Hand Weapons
 a - a +0 short sword (weapon)
 k - a +0 hunting sling
 l - a +0 mace
Missiles
 g - 68 stones (quivered)
 x - 16 sling bullets
Armour
 b - a +0 leather armour
 t - a +0 buckler (worn)
 y - a +0 ring mail (worn)
Jewellery
 p - a ring of flight (left hand)
 s - a ring of protection from fire (right hand)
Wands
 c - a wand of flame (11/48)
 d - a wand of enslavement (15/24)
 e - a wand of random effects (15/48)
Scrolls
 h - a scroll of noise {unknown}
 m - a scroll of fog {unknown}
 o - a scroll of random uselessness {unknown}
 q - 2 scrolls of magic mapping {unknown}
 u - 5 scrolls of remove curse {unknown}
Potions
 j - a potion of curing {unknown}
 r - a potion of ambrosia {unknown}
 v - 2 potions of brilliance {unknown}
 w - a potion of cancellation {unknown}
Comestibles
 f - 2 bread rations
 i - a beef jerky
 n - 5 fruits


   Skills:
 - Level 1.0 Fighting
 - Level 1.0 Short Blades
 - Level 2.0 Dodging
 - Level 1.0 Stealth
 + Level 5.0 Evocations


You had 3 spell levels left.
You didn't know any spells.

Dungeon Overview and Level Annotations

Branches:
Dungeon (3/15)

Altars:
Xom


Message History

The orc hits you with a morningstar!
You hit the orc.
The orc is almost dead.
The orc barely misses you.
You hit the orc but do no damage.
The orc is almost dead.
The orc hits you but does no damage.
You hit the orc but do no damage.
The orc is almost dead.
The orc hits you with a morningstar.
* * * LOW HITPOINT WARNING * * *
You barely miss the orc.
The orc is almost dead.
The orc barely misses you.
You barely miss the orc.
The orc is almost dead.
You hit the orc but do no damage.
The orc is almost dead.
The orc hits you with a morningstar!
You die...

######### ##...## #........
#.......#######..#.## #........
#................#..## #........
#.......######....#..# #....#.††
##............#.....#.###.#####..
#.............#.........#........
..............#..................
...................#..#..........
..............#.@..##............
#.............#.o.....##.........
.............##....##..#.#...###.
..........))÷##....###.#.##....#.
..........<......>.###.#.<#.##...
#.....#####.###.....##.##.#.##...
##....## #............##>..##...
####..# ##......................
##.###..............##..#....


You could see an orc.

Vanquished Creatures
  3 adders (D:2)
  An orc (D:3)
  3 giant cockroaches
  7 goblins
  8 hobgoblins
  A quokka (D:1)
  6 bats
  2 giant newts
  7 kobolds
  10 rats
48 creatures vanquished.

Notes
Turn   | Place    | Note
--------------------------------------------------------------
     0 | D:1      | abixa the Human Artificer began the quest for the Orb.
     0 | D:1      | Reached XP level 1. HP: 15/15 MP: 3/3
   206 | D:1      | Reached XP level 2. HP: 21/21 MP: 4/4
  1010 | D:1      | Reached skill level 4 in Evocations
  1010 | D:1      | Reached XP level 3. HP: 21/26 MP: 4/6
  1393 | D:2      | Reached XP level 4. HP: 30/32 MP: 7/7
  1663 | D:3      | Found a shimmering altar of Xom.
  1663 | D:3      | Found a shimmering altar of Xom.
  1665 | D:3      | Found a shimmering altar of Xom.
  1666 | D:3      | Found a shimmering altar of Xom.
  1696 | D:2      | Reached skill level 5 in Evocations
  1975 | D:2      | Slain by an orc

Vault maps used:
D:1:      grunt_arrival_crossed_arrows, nrook_mini_backslash
D:3:      xom_redecorated, first_bread, kennysheep_big_empty_room

Action                   |  1- 3 |  4- 6 || total
-------------------------+-------+-------++-------
Melee: Short sword       |   126 |    70 ||   196
Evoke: Wand              |     1 |     3 ||     4
 Stab: Sleeping          |     2 |       ||     2
  Eat: Chunk             |     2 |     1 ||     3
